Cogmind - Beta 10.1 *** ADVENTURER MODE // 2020.10.14 @ 15:53:11 Player: Arctifire Result: Self-destructed Performance ------------- Evolutions (1) 500 Regions Visited (3) 600 Robots Destroyed (10) 50 Value Destroyed (227) 227 Prototype IDs (0) 0 Alien Tech Used (0) 0 Bonus (7) 7 TOTAL SCORE: 1384 Bonus ------- Follower Combat Kills 7 Cogmind --------- Core Integrity 328/400 Matter 300/300 Energy 100/100 System Corruption 0% Temperature Cool (205) Movement Rolling (100) Location -9/Materials Parts ------- > --- POWER (1) -------- (None) > --- PROPULSION (2) --- Compact Wheel Compact Wheel > --- UTILITY (3) ------ Small Storage Unit > --- WEAPON (3) ------- Small Laser > --- INVENTORY (6) ---- Ion Engine Peak State ------------ > --- POWER ------------ Light Ion Engine > --- PROPULSION ------- Compact Wheel Compact Wheel > --- UTILITY ---------- Small Storage Unit > --- WEAPON ----------- EM Pulse Gun Medium Laser > --- INVENTORY -------- (None) [Rating: 6] Favorites ----------- Power Light Ion Engine Engine Light Ion Engine Propulsion Compact Wheel Wheel Compact Wheel Utility Small Storage Unit Storage Small Storage Unit Weapon Medium Laser Energy Gun Medium Laser Build | -11 -10 -10 -9 ------- Run | Scr Mat Min Mat Slots Evolved 2 | . . . 2 Power . | . . . . Propulsion . | . . . . Utility 1 | . . . 1 Weapon 1 | . . . 1 Parts Attached 7 | 6 . . 1 Power 1 | 1 . . . Engine 1 | 1 . . . Core . | . . . . Reactor . | . . . . Propulsion 2 | 2 . . . Treads . | . . . . Leg . | . . . . Wheel 2 | 2 . . . Hover . | . . . . Flight . | . . . . Utility 1 | 1 . . . Device . | . . . . Storage 1 | 1 . . . Processor . | . . . . Hackware . | . . . . Protection . | . . . . Artifact . | . . . . Weapon 3 | 2 . . 1 Energy Gun 3 | 2 . . 1 Energy Cannon . | . . . . Ballistic Gun . | . . . . Ballistic Cannon . | . . . . Launcher . | . . . . Special Weapon . | . . . . Impact Weapon . | . . . . Slashing Weapon . | . . . . Piercing Weapon . | . . . . Special Melee Weapon . | . . . . Unidentified Prototypes . | . . . . Parts Lost 3 | . . . 3 Power 1 | . . . 1 Propulsion . | . . . . Utility . | . . . . Weapon 2 | . . . 2 Highest Loss Streak 3 | . . . 3 Average Slot Usage (%) 81 | . 85 85 63 Engine 13 | . 14 14 11 Wheel 26 | . 28 28 22 Storage 13 | . 14 14 11 Energy Gun 26 | . 28 28 19 Naked Turns . | . . . . Heaviest Build 11 | 11 11 11 11 Greatest Support 32 | 32 32 32 32 Greatest Overweight (x) . | . . . . Average Overweight (x) . | . . . . Largest Inventory Capacity 6 | 6 6 6 6 Average Capacity 5 | 5 6 6 6 Most Carried 2 | 2 2 2 2 Average Carried 1 | 1 2 2 1 Final Capacity 6 | 6 6 6 6 Final Carried 2 | 2 2 2 1 Class Distribution -------------------- 100% | Mutant Dominant Class ---------------- Mutant | -10/Materials Mutant | -10/Mines Mutant | -9/Materials Resources | -11 -10 -10 -9 ----------- Run | Scr Mat Min Mat Matter Collected 260 | 201 49 10 . Remotely . | . . . . Salvage Created 219 | . 49 93 77 Parts 14 | . . 10 4 Haulers Intercepted . | . . . . Recyclers Shooed 1 | . . . 1 Parts Field Recycled . | . . . . Retrieved Matter . | . . . . Parts Self-Destructed . | . . . . Prevented . | . . . . Kills | -11 -10 -10 -9 ------- Run | Scr Mat Min Mat Combat Hostiles Destroyed 8 | . 1 5 2 Guns 8 | . 1 5 2 Classes Destroyed 4 | . 1 2 1 Tunneler 1 | . . 1 . Operator 1 | . . . 1 Swarmer 6 | . . 5 1 Grunt 2 | . 1 . 1 Best Kill Streak 3 | . 1 3 3 Combat Bots Only 3 | . 1 3 2 Max Kills in Single Turn 2 | . 1 2 1 Gunslinging 1 | . . 1 . Exploded . | . . . . Melee . | . . . . Uniques/NPCs Destroyed . | . . . . Combat | -11 -10 -10 -9 -------- Run | Scr Mat Min Mat Damage Taken 310 | . 38 40 232 Core 88 | . . 16 72 Absorbed by Shields . | . . . . Core Remaining (%) 96 | 100 . 93 . Volleys Fired 30 | . 4 7 19 Largest 2 | . 2 2 2 Hottest 90 | . 90 90 90 Shots Fired 51 | . 8 14 29 Gun 51 | . 8 14 29 Cannon . | . . . . Launcher . | . . . . Special . | . . . . Kinetic . | . . . . Thermal 33 | . 4 7 22 Explosive . | . . . . Electromagnetic 18 | . 4 7 7 Robot Hit Streak 10 | . 4 5 10 Robot Miss Streak 4 | . 2 2 4 Penetration Max . | . . . . Secondary Targets 2 | . . 2 . Max Gunslinging Chain 1 | . . 1 . Shots Hit Robots 32 | . 5 7 20 Core Hits 14 | . 2 6 6 Critical Hits . | . . . . Critical Kills . | . . . . Critical Parts Destroyed . | . . . . Melee Attacks . | . . . . Impact . | . . . . Slashing . | . . . . Piercing . | . . . . Sneak Attacks . | . . . . Combat Hostiles . | . . . . Follow-up Attacks . | . . . . Damage Inflicted 524 | . 148 95 281 Guns 421 | . 63 77 281 Cannons . | . . . . Explosions 103 | . 85 18 . Melee . | . . . . Ramming . | . . . . Kinetic . | . . . . Thermal 339 | . 109 42 188 Explosive . | . . . . Electromagnetic 185 | . 39 53 93 Impact . | . . . . Slashing . | . . . . Piercing . | . . . . Highest Corruption . | . . . . Average Corruption . | . . . . Corruption Purged . | . . . . Overload Shots . | . . . . Overflow Damage 4 | . 4 . . Projectiles . | . . . . Explosions 4 | . 4 . . Melee . | . . . . Knockbacks . | . . . . Impact . | . . . . Kinetic . | . . . . Secondary . | . . . . Self-Inflicted Damage . | . . . . Shots . | . . . . Rammed . | . . . . Targets Rammed . | . . . . Kicked . | . . . . Crushed . | . . . . Highest Temperature 236 | . 138 90 236 Average Temperature 114 | . 71 43 170 Received Heat Transfer 108 | . 27 . 81 Siege Activations . | . . . . Robots Corrupted . | . . . . Combat Hostiles . | . . . . Parts Fried . | . . . . Impact Corruptions . | . . . . Robots Melted . | . . . . Combat Hostiles . | . . . . Parts Melted 5 | . . 1 4 Heat Transferred 853 | . 174 124 555 Parts Sabotaged . | . . . . Parts Stolen . | . . . . Parts Stripped . | . . . . Power Chain Reactions 1 | . 1 . . Missiles Intercepted . | . . . . Alert | -11 -10 -10 -9 ------- Run | Scr Mat Min Mat Peak Influence 220 | . 45 220 142 Initial 72 | . . 14 72 Average 110 | . 19 161 94 Maximum Alert Level 1 | . . 1 . Low Security (%) 79 | 100 100 63 100 Level 1 20 | . . 36 . Level 2 . | . . . . Level 3 . | . . . . Level 4 . | . . . . Level 5 . | . . . . High Security . | . . . . Max Security . | . . . . Squads Dispatched 2 | . . . 2 Investigation . | . . . . Extermination . | . . . . Reinforcement 2 | . . . 2 Assault . | . . . . Garrison . | . . . . Intercept . | . . . . Construction Impeded . | . . . . Haulers Reinforced . | . . . . Stealth | -11 -10 -10 -9 --------- Run | Scr Mat Min Mat Distress Signals 1 | . . . 1 Communications Jammed . | . . . . Distress Signals . | . . . . Times Spotted 18 | . 3 6 9 Peak Tracking Total 4 | . 2 3 4 Tactical Retreats 2 | . 1 . 1 Traps | -11 -10 -10 -9 ------- Run | Scr Mat Min Mat Traps Triggered . | . . . . Indirectly . | . . . . Trap Hack Attempts . | . . . . Triggered . | . . . . Disarmed . | . . . . Reprogrammed . | . . . . Reused . | . . . . Traps Extracted . | . . . . Installed . | . . . . Triggered . | . . . . Machines | -11 -10 -10 -9 ---------- Run | Scr Mat Min Mat Machines Disabled 5 | . . 5 . Max in Single Turn 5 | . . 5 . Machines Sabotaged . | . . . . Garrisons Compromised . | . . . . Overloaded Fab Kills . | . . . . Fab Network Shutdowns . | . . . . Hacking | -11 -10 -10 -9 --------- Run | Scr Mat Min Mat Machines Accessed . | . . . . Terminals . | . . . . Fabricators . | . . . . Repair Stations . | . . . . Recycling Units . | . . . . Scanalyzers . | . . . . Garrison Access . | . . . . Total Hacks . | . . . . Successful . | . . . . Failed . | . . . . Catastrophic . | . . . . Database Lockouts . | . . . . Manual . | . . . . Terminals . | . . . . Fabricators . | . . . . Repair Stations . | . . . . Recycling Units . | . . . . Scanalyzers . | . . . . Garrison Access . | . . . . Terminal Hacks . | . . . . Fabricator Hacks . | . . . . Repair Station Hacks . | . . . . Recycling Unit Hacks . | . . . . Scanalyzer . | . . . . Garrison Access Hacks . | . . . . Unauthorized Hacks . | . . . . Terminals . | . . . . Fabricators . | . . . . Repair Stations . | . . . . Recycling Units . | . . . . Scanalyzers . | . . . . Garrison Access . | . . . . Data Cores Recovered . | . . . . Used . | . . . . Hacking Detections . | . . . . Full Trace Events . | . . . . Feedback Events . | . . . . Feedback Blocked . | . . . . Robot Schematics Acquired . | . . . . Robots Built . | . . . . Matter . | . . . . Time . | . . . . Total Robot Build Rating . | . . . . Part Schematics Acquired . | . . . . Parts Built . | . . . . Matter . | . . . . Time . | . . . . Total Part Build Rating . | . . . . Parts Repaired . | . . . . Time . | . . . . Parts Recycled . | . . . . Recycled Matter . | . . . . Retrieved Matter . | . . . . Retrieved Components . | . . . . Parts Scanalyzed . | . . . . Part Schematics Acquired . | . . . . Parts Damaged . | . . . . Bothacking | -11 -10 -10 -9 ------------ Run | Scr Mat Min Mat Used RIF Installer . | . . . . Robots Hacked . | . . . . Non-combat . | . . . . Combat . | . . . . Robot Hacks Applied . | . . . . Relay Couplers Released . | . . . . Robots Rewired . | . . . . Allies Hacked . | . . . . Hacks Repelled . | . . . . Allies | -11 -10 -10 -9 -------- Run | Scr Mat Min Mat Total Allies 1 | . . 1 . Largest Group 1 | . . 1 1 Highest-Rated Group 31 | . . 31 31 Highest-Rated Ally 31 | . . 31 31 Total Orders . | . . . . Ally Attacks 5 | . . 5 . Total Damage 83 | . . 83 . Kills 1 | . . 1 . Allies Corrupted . | . . . . Allies Melted . | . . . . Intel | -11 -10 -10 -9 ------- Run | Scr Mat Min Mat Robot Analysis Total . | . . . . Derelict Logs Recovered 1 | . . 1 . Drone Launches . | . . . . Drone Recoveries . | . . . . Exploration | -11 -10 -10 -9 ------------- Run | Scr Mat Min Mat Turns Passed 565 | 71 79 322 93 Spaces Moved 449 | 61 68 282 38 Core 1 | 1 . . . Treads . | . . . . Legs . | . . . . Wheels 448 | 60 68 282 38 Hover . | . . . . Flight . | . . . . Fastest Speed 50 | 50 100 100 100 Average Speed 99 | 99 100 100 100 Slowest Speed 100 | 100 100 100 100 Overloaded Moves . | . . . . Propulsion Burnouts . | . . . . Robots Hopped . | . . . . Cave-ins Triggered . | . . . . Exploration Rate (%) 18 | 4 18 45 7 Regions Visited 3 Branch Regions 1 Pre-discovered Areas 1 | . . 1 . Known Exits Taken . | . . . . Unknown Exits Taken 3 | 1 1 1 . Scrap Searched 1 | . . 1 . Spaces Dug . | . . . . Terrain Destroyed 5 | . 4 1 . Melee . | . . . . Projectile . | . . . . AOE 5 | . 4 1 . Terrain Rammed . | . . . . Walls Destroyed . | . . . . Machines Disabled . | . . . . Actions | -11 -10 -10 -9 --------- Run | Scr Mat Min Mat Total 511 | 68 71 308 64 Wait 26 | . . 20 6 Move 446 | 60 67 281 38 Hop . | . . . . Pick Up 2 | 2 . . . Fast Attach 6 | 6 . . . Attach 1 | . . . 1 Detach . | . . . . Swap . | . . . . Drop . | . . . . Fire 30 | . 4 7 19 Melee . | . . . . Ram . | . . . . Kick . | . . . . Crush . | . . . . Escape Stasis . | . . . . Rewire . | . . . . Trap . | . . . . Miscellaneous . | . . . . Route ------- -11/Scrapyard -10/Materials -10/Mines -9/Materials History --------- Turn | Location | Event 16 | -11/Scrapyard | Discovered new exit (range 15) 72 | -11/Scrapyard | Entered Materials 140 | -10/Materials | Discovered new exit (range 10) 151 | -10/Materials | Entered Mines 199 | -10/Mines | Received a Mining Laser from a helpful Derelict 301 | -10/Mines | Build established: Mutant 346 | -10/Mines | Learned location of Zion (-6) 459 | -10/Mines | Discovered new exit (range 9) 473 | -10/Mines | Entered Materials 473 | -9/Materials | Accompanied by 1 ally 473 | -9/Materials | Evolved 2 slots: Utility x1, Weapon x1 566 | -9/Materials | Self-destructed Last Messages --------------- GOAL=ESCAPE 00492_ 8N-IQ2(g): "You look like you can take it from here!" 00492_ 8N-IQ2(g) slips back into the shadows. 00501_ ALERT: Hostiles spotted, dispatching reinforcements to Terminal M001. 00513_ ALERT: Hostiles spotted, dispatching reinforcements to Terminal M010. 00517_ Destroyed Sml. Laser. 00535_ EM Pulse Gun destroyed. 00537_ Particle Gun melted. 00537_ Lgt. Nuclear Core melted. 00537_ Aluminum Leg melted. 00537_ G-47 Trooper destroyed. 00541_ W-16 Scout distress signal alerts nearby ally. 00547_ Datajack melted. 00547_ O-16 Technician destroyed. 00551_ S-10 Pest destroyed. 00560_ Lgt. Ion Engine destroyed. 00565_ Med. Laser destroyed. 00566_ R-06 Scavenger collects Hover Unit. Map ----- +----------------------------------------------------+ | ?????????????????????????# #?? | | ?????????????????????????# #?? | | ?????????????????????????# #?? | | ?????????????????????????# #?? | | ?????????????????????????# #?? | | ?????????????????????????# #?? | | ?????????????????????????# #?? | | ?????????????????????????# #?? | | ?????????????????????????# #?? | | ?????????????????????????# #?? | | ???????????????????####### #?? | | ??????????????????? # #?? | | ???????????????????""""" # #?? | | ???????????????????""""" # #?? | | ?????????????????? """"" # #?? | | ?????????????????? """"" + #?? | | ?????????????????? """"" # #?? | | ???????????????????""""" # #?? | | ???????????????????""""" # #?? | | ??????????????????? # #?? | | ???????????????????####### #?? | | ????????????????????###??# #?? | | ????????????????????#"""?# #?? | | ?????????????########"T"## #?? | | ????????????# T #?? | | ????????????# @ #?? | | ????????????# !== #?? | | ????????????# s!== #?? | | ????????????# [ == #?? | | ????????????## % #?? | | ?????????????#* """ #?? | | ?????????????#%= """ u #?? | | ?????????????r """% #?? | | ?????????????#????"""s #?? | | ?????????????????? #?? | | ??????????????????? #?? | | ???????????????????############?? | | ????????????????????????????????? | | ????????????????????????????????? | | ????????????????????????????????? | | ????????????????????????????????? | | ????????????????????????????????? | | ????????????????????????????????? | | ????????????????????????????????? | | ????????????????????????????????? | | ????????????????????????????????? | | ????????????????????????????????? | | ????????????????????????????????? | | ????????????????????????????????? | | ????????????????????????????????? | +----------------------------------------------------+ Best States ------------- Heat Dissipation 28 Energy Generation 10 Energy Capacity 125 Matter Stores 300 Matter Capacity 300 Sight Range 16 Terrain Scan Density 10 Resistance: KI 20 Resistance: TH 20 Resistance: EX 20 Resistance: EM 20 Resistance: I 20 Resistance: S 20 Resistance: P 20 Evasion (%) 40 Offensive Hacking 10 Item Schematics ----------------- None Robot Schematics ------------------ None Fabricated ------------ Nothing Alien Tech Used ----------------- None Achievements -------------- None Challenges ------------ None Game ------ Seed AntimissileCoolingMace Manual? 0 Play Time 00:04:56 Cumulative 39.3 hours Start 2020.10.14 @ 15:49:38 End 2020.10.14 @ 15:53:11 Sessions 1 Manual Loads 0 Difficulty Adventurer Special Mode None Game No. 34 Rogue 0 Adventurer 22 Explorer 12 Win Type - Total 6 Types 4/1/1/0/0/0/0/0/0 Lore% 47 Gallery% 55 Achievement% 54 Wizard Run 0 Options --------- ASCII 0 Keyboard 0 Movement Arrows Keybinds 0 Fullscreen 1 Font 18/SmallcapsGlow Map View 76x50 Tactical HUD 1 Map Filters NONE Filters NONE Steam 1 RUN: 5b12976d-1d68-4514-9b26-7ee6ff3554db